 Dungeon Crawl Stone Soup version 0.22.1-2-g9c5b331 (webtiles) character file.

11 lysyklops the Firebug (level 2, 0/20 HPs)
             Began as a Draconian Fire Elementalist on Dec 17, 2018.
             Slain by a jackal (3 damage)
             ... on level 2 of the Dungeon.
             The game lasted 00:01:30 (869 turns).

lysyklops the Firebug (Draconian Fire Elementalist)  Turns: 869, Time: 00:01:30

Health: 0/20       AC:  5    Str: 10    XL:     2   Next: 13%
Magic:  3/5        EV: 12    Int: 15    God:
Gold:   51         SH:  0    Dex: 11    Spells: 4/5 levels left

rFire    . . .     SeeInvis .   d - +0 whip
rCold    . . .     Gourm    .   (no shield)
rNeg     . . .     Faith    .   (armour unavailable)
rPois    .         Spirit   .   (helmet restricted)
rElec    .         Reflect  .   (no cloak)
rCorr    .         Harm     .   c - +0 pair of gloves
MR       .....                  (no boots)
Stlth    ++........             (no amulet)
HPRegen  0.06/turn              (no ring)
MPRegen  0.09/turn              (no ring)

@: no status effects
A: unfitting armour, cold-blooded, AC +4
a: no special abilities


You were on level 2 of the Dungeon.
You were not hungry.

You visited 1 branch of the dungeon, and saw 2 of its levels.

You collected 51 gold pieces.

Inventory:

Hand Weapons
 d - a +0 whip (weapon)
Armour
 c - a +0 pair of gloves (worn)
Jewellery
 f - a +5 ring of protection {unknown}
Scrolls
 h - a scroll of identify {unknown}
 i - 2 scrolls of teleportation {unknown}
Potions
 a - 2 potions of curing {unknown}
 e - a potion of degeneration {unknown}
 g - a potion of might {unknown}
Comestibles
 b - 3 rations


   Skills:
 + Level 2.0 Dodging
 - Level 2.0 Stealth
 + Level 2.1 Spellcasting
 + Level 1.3 Conjurations
 + Level 3.1 Fire Magic


You had 4 spell levels left.
You knew the following spells:

 Your Spells              Type           Power        Failure   Level  Hunger
a - Flame Tongue          Conj/Fire      #....        9%          1    #......

Your spell library contained the following spells:

 Spells                   Type           Power        Failure   Level  Hunger
 Throw Flame              Conj/Fire      #.....       13%         2    ###....
 Conjure Flame            Conj/Fire      #.......     26%         3    ###....
 Inner Flame              Hex/Fire       #.......     34%         3    ###....
 Sticky Flame             Conj/Fire      #.......     65%         4    #####..
 Fireball                 Conj/Fire      #.........   94%         5    ######.


Dungeon Overview and Level Annotations

Branches:
Dungeon (2/15)

Altars:


Innate Abilities, Weirdness & Mutations

Your plain brown scales are hard. (AC +4)
You cannot fit into any form of body armour.
You are cold-blooded and may be slowed by cold attacks.


Message History

You barely miss the jackal.
Your tail-slap misses the jackal.
The jackal is severely wounded.
The jackal closely misses you.
The jackal bites you but does no damage.
The adder closely misses you. The rat closely misses you.
You hit the jackal but do no damage.
The jackal is severely wounded.
The jackal bites you. The adder bites you. The jackal bites you.
* * * LOW HITPOINT WARNING * * *
The jackal bites you but does no damage.
The rat barely misses you.
You barely miss the jackal.
The jackal is severely wounded.
The adder closely misses you. The rat barely misses you. The adder misses you.
You closely miss the jackal.
The jackal bites you but does no damage.
The jackal barely misses you. The adder barely misses you. The rat bites you.
* * * LOW HITPOINT WARNING * * *
The jackal bites you.
You die...

........##
)........#
.........#
.........#
.......).#
.[.......
......w.##
.....<.S.######.
.......r@h......
..♣♣♣♣♣♣h###..##
.?....hh# #
.♣♣♣♣♣♣.# ...
..# ..## .# ..


You could see a worm, an adder, 4 jackals and a rat.

Vanquished Creatures
  3 goblins
  2 hobgoblins (D:1)
  2 bats (D:1)
  A frilled lizard (D:1)
  A kobold (D:1)
  2 rats (D:1)
11 creatures vanquished.

Notes
Turn   | Place    | Note
-------+----------+-------------------------------------------
     0 | D:1      | lysyklops the Draconian Fire Elementalist began the quest
                  | for the Orb.
     0 | D:1      | Reached XP level 1. HP: 14/14 MP: 3/3
   465 | D:1      | Reached XP level 2. HP: 20/20 MP: 3/5
   869 | D:2      | Slain by a jackal

Skill      XL: |  1  2 |
---------------+-------+-----
Stealth        | 2 |  2.0
Dodging        | 2 |  2.0
Spellcasting   | |  2.1
Conjurations   | |  1.3
Fire Magic     | |  3.1

Action                   || total
-------------------------++-------
Melee: Whip              ||    11
       Tailslap          ||     1
 Cast: Flame Tongue      ||    17
Armor: Skin              ||     8
Dodge: Dodged            ||    17
